 Dungeon Crawl Stone Soup version 0.28.0-47-ge53b351184 (webtiles) character file.

Game seed: 7159062907988700419

156 bigcatlittledog the Chopper (level 5, 0/32 HPs)
             Began as a Gargoyle Gladiator on Apr 25, 2022.
             Was an Initiate of Okawaru.
             Slain by an orc
             ... wielding a +0 trident
              (6 damage)
             ... on level 4 of the Dungeon.
             The game lasted 00:11:18 (2901 turns).

bigcatlittledog the Chopper (Gargoyle Gladiator)    Turns: 2901, Time: 00:11:19

Health: 0/32       AC:  9    Str: 20    XL:     5   Next: 37%
Magic:  5/5        EV: 12    Int:  8    God:    Okawaru [......]
Gold:   119        SH:  0    Dex: 11    Spells: 4/4 levels left

rFire   . . .      SeeInvis .   a - +0 war axe
rCold   . . .      Faith    .   (no shield)
rNeg    + . .      Spirit   .   b - +0 leather armour
rPois   ∞          Reflect  .   c - +0 helmet
rElec   +          Harm     .   (no cloak)
rCorr   .          Rampage  .   m - +0 pair of gloves
Will    .....                   (no boots)
Stlth   +.........              (no amulet)
HPRegen 0.10/turn               (no ring)
MPRegen 0.09/turn               (no ring)

@: no status effects
A: sickness immunity, AC +4, negative energy resistance 1, electricity
resistance, torment resistance 1, petrification resistance
a: Renounce Religion


You were on level 4 of the Dungeon.
You worshipped Okawaru.
Okawaru was noncommittal.
You visited 1 branch of the dungeon, and saw 4 of its levels.

You collected 119 gold pieces.

Inventory:

Hand Weapons
 a - a +0 war axe (weapon)
Missiles
 d - 3 throwing nets (quivered)
Armour
 b - a +0 leather armour (worn)
 c - a +0 helmet (worn)
 m - a +0 pair of gloves (worn)
Scrolls
 g - 2 scrolls of noise {unknown}
 h - 3 scrolls of identify {unknown}
 i - a scroll of magic mapping {unknown}
 k - a scroll of teleportation {unknown}
Potions
 e - a potion of resistance {unknown}
 j - a potion of heal wounds {unknown}
 l - a potion of attraction {unknown}
 n - a potion of degeneration {unknown}


   Skills:
 * Level 3.6 Fighting
 * Level 3.7 Axes
 - Level 1.9 Throwing
 + Level 1.7 Armour
 + Level 3.1 Dodging


You had 4 spell levels left.
You didn't know any spells.
Your spell library was empty.

Dungeon Overview and Level Annotations

Branches:
Dungeon (3/15)

Altars:
Okawaru
Wu Jian

Shops:
D:3 !(


Innate Abilities, Weirdness & Mutations

You are immune to sickness and miasma.
Your stone body is resilient. (AC +4)
You are immune to poison.
You resist negative energy. (rN+)
You are resistant to electric shocks. (rElec)
You are resistant to unholy torment.
You are immune to petrification.


Message History

Okay, then.
Okay, then.
Unknown command.
You barely miss something. Something hits you but does no damage.
The orc closely misses you.
You completely miss something. Something hits you but does no damage.
The orc hits you but does no damage. Something hits you but does no damage.
You hit something. The orc barely misses you. Something hits you.
The orc barely misses you.
You hit something but do no damage. Something hits you but does no damage.
The orc hits you from afar with a +0 trident.
You hit something. Something barely misses you. The orc closely misses you.
Something hits you but does no damage.
You barely miss something. Your punch misses something.
The orc hits you but does no damage. Something hits you but does no damage.
The orc barely misses you.
You barely miss something. Something hits you but does no damage.
The orc hits you but does no damage.
You closely miss something. Something hits you but does no damage.
The orc closely misses you.
You hear some strange, mumbled words.
You are confused.
You bump into the rock wall.
The orc barely misses you. Something hits you but does no damage.
You bump into the rock wall.
The orc hits you from afar with a +0 trident.
Something hits you but does no damage.
You bump into the rock wall.
The orc hits you but does no damage. Something hits you but does no damage.
You completely miss something.
The orc hits you from afar with a +0 trident.
* * * LOW HITPOINT WARNING * * *
Something hits you but does no damage.
You bump into the rock wall.
You feel less confused. The orc misses you. Something hits you.
* * * LOW HITPOINT WARNING * * *
It was a potion of magic.
Magic courses through your body.
The orc hits you from afar with a +0 trident.
You die...

#...oo..o #†#(# #.#
>#########...# #.#
.............# #.#
.##########(.# #.#
..### ####.### #.#
#.#.. ..#...# #)#
#.#.### #.###.# #.##.#
#.#.#.# #.#.#.# #.##.#
#.#.#.# #@{)#.# #.##.#
#.#.#.#####o#.#
#.##.###.#.{..oo.....#
#o##o#.{.....#####.###
#.##.#.#.....)...#.#
#o##.#.#####.....#.#
#.##.#o### ###...#.#
..##.{...# ####.#
#.####.#.#########.#


You could see an orc.

Vanquished Creatures
  2 orc priests (D:4)
  3 adders (D:3)
  2 worms (D:2)
  2 dart slugs
  4 orcs
  6 bats
  6 endoplasms
  A giant cockroach (D:2)
  4 goblins
  5 hobgoblins
  3 jackals (D:2)
  4 quokkas
  3 ball pythons
  3 frilled lizards
  4 kobolds
  5 rats
57 creatures vanquished.

Notes
Turn   | Place    | Note
-------+----------+-------------------------------------------
     0 | D:1      | bigcatlittledog the Gargoyle Gladiator began the quest for
                  | the Orb.
     0 | D:1      | Reached XP level 1. HP: 12/12 MP: 1/1
   252 | D:1      | Reached XP level 2. HP: 4/18 MP: 2/2
   983 | D:1      | Found a faded altar of an unknown god.
  1169 | D:2      | Reached XP level 3. HP: 13/22 MP: 3/3
  2229 | D:3      | Found Safaxof's Distillery.
  2233 | D:3      | Reached skill level 1 in Armour
  2336 | D:3      | Reached XP level 4. HP: 26/28 MP: 4/4
  2379 | D:3      | Found an iron altar of Okawaru.
  2391 | D:3      | Became a worshipper of Warmaster Okawaru
  2432 | D:3      | Found Quetzuutifi's Antique Weapon Boutique.
  2663 | D:3      | Found an ornate altar of the Wu Jian Council.
  2736 | D:3      | You fall into a shaft and drop 1 floor!
  2869 | D:4      | Reached XP level 5. HP: 18/32 MP: 5/5
  2901 | D:4      | Slain by an orc

Illustrated notes

Levels and vault maps discovered:
D:1:      dpeg_arrival_tiny_f, layout_rooms, chequers_ecumenical_altar_twisty
D:2:      layout_basic, grunt_ministairs_8
D:3:      layout_basic, overflow_temple_1_default,
          nicolae_wu_jian_glorious_leap, serial_shops,
          nicolae_shop_hallway_stairs, nicolae_shop_overgrown_old_shop,
          minmay_misc_feat_diagonals, grunt_decor_clamped
D:4:      layout_basic, nicolae_ashenzari_skybound, minmay_temple_entry_trees,
          serial_shops, nicolae_take_the_stairs

Skill      XL: |  1  2  3  4 |
---------------+-------------+-----
Axes           | 3 |  3.7
Armour         | 1 |  1.7
Fighting       | 3 |  3.6
Dodging        | 3 |  3.1
Throwing       | |  1.9

Action                   |  1- 3 |  4- 6 || total
-------------------------+-------+-------++-------
Melee: War axe           |   119 |    51 ||   170
       Punch             |     2 |       ||     2
  Use: Potion            |       |     1 ||     1
Armor: Leather armour    |    48 |    35 ||    83
Dodge: Dodged            |    97 |    44 ||   141
